 Dungeon Crawl Stone Soup version 0.25.1-2-g60ff931df9 (webtiles) character file.

Game seed: 2374714178085383323

179 Ivernyr the Chiller (level 5, -1/38 HPs)
             Began as a Human Ice Elementalist on Oct 19, 2020.
             Slain by a gnoll
             ... wielding a +0 spear
              (10 damage)
             ... on level 3 of the Dungeon.
             The game lasted 00:11:36 (3142 turns).

Ivernyr the Chiller (Human Ice Elementalist)        Turns: 3142, Time: 00:11:36

Health: -1/38      AC:  2    Str:  8    XL:     5   Next: 90%
Magic:  5/10       EV: 13    Int: 16    God:
Gold:   84         SH:  0    Dex: 14    Spells: 4/11 levels left

rFire    . . .     SeeInvis .   b - +0 whip
rCold    . . .     Gourm    .   (no shield)
rNeg     . . .     Faith    .   a - +0 robe
rPois    .         Spirit   .   (no helmet)
rElec    .         Reflect  .   (no cloak)
rCorr    .         Harm     .   (no gloves)
MR       .....     Rnd*Tele +   (no boots)
Stlth    ++........             (no amulet)
HPRegen  0.12/turn              p - ring of teleportation (curse)
MPRegen  0.12/turn              (no ring)

@: no status effects
A: no striking features
a: no special abilities


You were on level 3 of the Dungeon.
You were not hungry.

You visited 1 branch of the dungeon, and saw 3 of its levels.

You collected 84 gold pieces.

Inventory:

Hand Weapons
 b - a +0 whip (weapon)
Armour
 a - a +0 robe (worn)
Jewellery
 p - a cursed ring of teleportation (left hand)
Scrolls
 e - 2 scrolls of identify {unknown}
 f - 4 scrolls of magic mapping {unknown}
 g - a scroll of blinking {unknown}
 h - a scroll of enchant weapon {unknown}
 j - 3 scrolls of remove curse {unknown}
 n - a scroll of teleportation {unknown}
 o - a scroll of fog {unknown}
Potions
 i - a potion of lignification {unknown}
 k - a potion of brilliance {unknown}
 l - a potion of heal wounds {unknown}
 m - a potion of flight {unknown}
Comestibles
 c - 5 rations
 d - 3 chunks of flesh


   Skills:
 + Level 2.0 Fighting
 + Level 3.0 Dodging
 - Level 2.0 Stealth
 * Level 3.5 Spellcasting
 + Level 4.6 Ice Magic


You had 4 spell levels left.
You knew the following spells:

 Your Spells              Type           Power        Failure   Level  Hunger
a - Freeze                Ice            ###.         2%          1    None
b - Frozen Ramparts       Ice            ###...       8%          3    ###....
c - Ozocubu's Armour      Chrm/Ice       ##......     21%         3    ###....

Your spell library contained the following spells:

 Spells                   Type           Power        Failure   Level  Hunger
 Hailstorm                Conj/Ice       ##......     56%         4    ####...
 Summon Ice Beast         Ice/Summ       ##......     56%         4    ####...


Dungeon Overview and Level Annotations

Branches:
Dungeon (3/15)

Altars:


Message History

The gnoll is severely wounded.
The gnoll hits you from afar with a +0 spear.
Casting: Freeze (safe; 2% risk of failure)
Confirm with . or Enter, or press ? or * to list all spells.
Aiming: Freeze (safe; 2% risk of failure)
Press: ? - help, Shift-Dir - straight line, f/p - gnoll
Aim: a gnoll, wielding a +0 flail (severely wounded)
You freeze the gnoll.
You kill the gnoll!
The gnoll hits you from afar with a +0 spear!
* * * LOW HITPOINT WARNING * * *
Casting: Freeze (safe; 2% risk of failure)
Confirm with . or Enter, or press ? or * to list all spells.
Aiming: Freeze (safe; 2% risk of failure)
Press: ? - help, Shift-Dir - straight line, f - hobgoblin
Aim: a hobgoblin You freeze the hobgoblin!
You kill the hobgoblin!
The gnoll hits you from afar with a +0 spear!
You die...

..###.### ...
#.......# ... #.#
.#.# #.
#รท###.#.### #.
#......[... ###
#...((#.### ....
#.....#.# ####
#######....##.#
.........gg)@.#
#.##......##### #
##........##
#.#...............
#".....g.##.######
#.#..g.### .#
...##.#.# ..
#.#......# ###
###.#..#


You could see 2 gnolls.

Vanquished Creatures
  An orc wizard (D:3)
  Jessica (D:2)
  A gnoll (D:3)
  3 adders
  A dart slug (D:1)
  3 leopard geckos (D:1)
  5 orcs (D:3)
  7 bats
  3 giant cockroaches
  8 hobgoblins
  9 jackals (D:1)
  12 kobolds
  10 frilled lizards
  6 goblins
  6 rats
76 creatures vanquished.

Notes
Turn   | Place    | Note
-------+----------+-------------------------------------------
     0 | D:1      | Ivernyr the Human Ice Elementalist began the quest for the
                  | Orb.
     0 | D:1      | Reached XP level 1. HP: 13/13 MP: 3/3
   107 | D:1      | Reached XP level 2. HP: 6/20 MP: 0/5
   882 | D:1      | Reached XP level 3. HP: 25/25 MP: 4/6
  1097 | D:1      | Reached skill level 1 in Fighting
  1838 | D:2      | Noticed Jessica
  1855 | D:2      | Reached XP level 4. HP: 23/32 MP: 8/8
  1858 | D:2      | Killed Jessica
  2448 | D:3      | Learned a level 3 spell: Frozen Ramparts
  2452 | D:3      | Learned a level 3 spell: Ozocubu's Armour
  2566 | D:3      | Reached XP level 5. HP: 35/37 MP: 6/9
  3142 | D:3      | Slain by a gnoll

Illustrated notes

Levels and vault maps discovered:
D:1:      wander_arrival_fairy_ring, layout_loops_ring, serial_glass,
          glass_columns_a, glass_columns_b
D:2:      layout_basic, first_ration, uniq_jessica
D:3:      layout_loops_ring, overflow_temple_1_default

Skill      XL: |  1  2  3  4  5 |
---------------+----------------+-----
Fighting       | 1 2 |  2.0
Spellcasting   | 3 |  3.5
Dodging        | 3 |  3.0
Stealth        | |  2.0
Ice Magic      | |  4.6

Action                   |  1- 3 |  4- 6 || total
-------------------------+-------+-------++-------
Melee: Unarmed           |    22 |       ||    22
       Whip              |    31 |    22 ||    53
 Cast: Freeze            |    54 |    58 ||   112
 Stab: Sleeping          |     1 |       ||     1
  Eat: Chunk             |     3 |     4 ||     7
Armor: Robe              |    20 |     8 ||    28
Dodge: Dodged            |    90 |    39 ||   129
